 Dungeon Crawl Stone Soup version 0.31.0-32-g396128a36d (webtiles) character file.

Game seed: 18144245406548074229

28 H0rd4k the Charlatan (level 3, -6/27 HPs)
             Began as a Human Artificer on Apr 2, 2024.
             Mangled by a gnoll
             ... wielding a +0 halberd
              (9 damage)
             ... on level 2 of the Dungeon.
             The game lasted 00:01:03 (963 turns).

H0rd4k the Charlatan (Human Artificer)               Turns: 963, Time: 00:01:05

Health: -6/27      AC:  3    Str: 12    XL:     3   Next: 14%
Magic:  3/3        EV: 11    Int: 13    God:
Gold:   67         SH:  0    Dex: 13    Spells: 2/2 levels left

rFire   . . .        a - +0 mace
rCold   . . .        (no shield)
rNeg    . . .        b - +0 leather armour
rPois   .            (no helmet)
rElec   .            (no cloak)
rCorr   .            (no gloves)
SInv    .            (no boots)
Will    .....        (no amulet)
Stlth   +            (no ring)
HPRegen 0.24/turn    (no ring)
MPRegen 0.08/turn

%: no passive effects
@: no status effects
A: explore regen
a: no special abilities


You were on level 2 of the Dungeon.
You visited 1 branch of the dungeon, and saw 2 of its levels.

You collected 67 gold pieces.

Inventory:

Hand Weapons
 a - a +0 mace (weapon)
Armour
 b - a +0 leather armour (worn)
Jewellery
 n - a ring of positive energy
Wands
 c - a wand of flame (15) (quivered)
 d - a wand of charming (15)
 e - a wand of iceblast (5)
Scrolls
 f - a scroll of vulnerability {unknown}
 h - a scroll of enchant weapon {unknown}
 i - a scroll of enchant armour {unknown}
 j - a scroll of immolation {unknown}
 k - a scroll of fog {unknown}
 l - a scroll of brand weapon {unknown}
Potions
 g - 3 potions of curing {unknown}
 m - a potion of ambrosia {unknown}


   Skills:
 + Level 2.1 Fighting
 + Level 1.8 Maces & Flails
 - Level 2.0 Armour
 - Level 1.0 Dodging
 - Level 1.0 Stealth
 - Level 3.0 Evocations


You had 2 spell levels left.
You didn't know any spells.
Your spell library was empty.

Dungeon Overview and Level Annotations

Branches:
Dungeon (2/15)

Altars:


Innate Abilities, Weirdness & Mutations

You regain HP and MP as you explore.


Message History

No target in view!
There is a stone staircase leading up here.
n - a ring of positive energy
Found a flail.
No target in view!
A gnoll comes into view.
It is wielding a +0 flail of distortion.
A ball python and 2 gnolls come into view.
Found a scroll labelled VIENEB ASMU.
The gnoll moves out of view.
The gnoll shouts!
You hear a shout!
A gnoll is nearby!
A bat comes into view.
A hobgoblin comes into view.
The gnoll barely misses you.
You hit the gnoll.
The gnoll is lightly wounded.
The bat closely misses you.
An adder comes into view.
The gnoll hits you with a +0 halberd!
You barely miss the gnoll.
The gnoll is lightly wounded.
The bat barely misses you. The bat misses you.
The bat hits you but does no damage. The gnoll misses you.
The bat attacks as it pursues you! The bat barely misses you.
The bat hits you but does no damage. The gnoll closely misses you.
The bat barely misses you.
You hit the bat.
The bat is severely wounded.
The bat misses you. The bat closely misses you. The gnoll barely misses you.
The gnoll hits you from afar with a +0 halberd!
The bat hits you but does no damage. The bat hits you but does no damage.
The gnoll attacks as it pursues you!
The gnoll hits you from afar with a +0 halberd.
* * * LOW HITPOINT WARNING * * *
The bat hits you.
* * * LOW HITPOINT WARNING * * *
The bat hits you.
* * * LOW HITPOINT WARNING * * *
The gnoll attacks as it pursues you!
The gnoll hits you from afar with a +0 halberd!
You die...

####...## #.#..##
#.##..#
#..##.#####
##.##....†######
#.##<.........#
#.##..........#
#.##..........#
#@##..........###
#b##............#
#g##..........#..[
#..#..........# ##
##.#..........#
#g#..........#
#.############
#...# #.#.#


You could see a gnoll, a hobgoblin and a bat.

Vanquished Creatures
  A dart slug (D:1)
  3 endoplasms (D:1)
  2 giant cockroaches
  2 goblins (D:1)
  6 hobgoblins (D:1)
  4 ball pythons (D:1)
  3 bats (D:1)
  A frilled lizard (D:1)
  A kobold (D:1)
  A rat (D:1)
24 creatures vanquished.

Notes
Turn   | Place    | Note
-------+----------+-------------------------------------------
     0 | D:1      | H0rd4k the Human Artificer began the quest for the Orb.
     0 | D:1      | Reached XP level 1. HP: 15/15 MP: 1/1
    70 | D:1      | Reached XP level 2. HP: 18/22 MP: 2/2
   195 | D:1      | Reached skill level 1 in Maces & Flails
   330 | D:1      | Found a faded altar of an unknown god.
   537 | D:1      | Reached XP level 3. HP: 19/27 MP: 3/3
   963 | D:2      | Mangled by a gnoll

Illustrated notes

Levels and vault maps discovered:
D:1:      dpeg_arrival_stonehenge_12_columns, layout_basic,
          shapermc_ecumenical_altar_mp_ritualfount
D:2:      layout_rooms, minmay_surrounded, uniq_sigmund

Skill      XL: |  1  2 |
---------------+-------+-----
Maces & Flails | 1 |  1.8
Fighting       | 2 |  2.1
Armour         | |  2.0
Dodging        | |  1.0
Stealth        | |  1.0
Evocations     | |  3.0

Action                     || total
---------------------------++-------
  Melee: Mace              ||    74
         Punch             ||     1
   Stab: Sleeping          ||     1
 Armour: Leather armour    ||    70
  Dodge: Dodged            ||    67
